 Dungeon Crawl Stone Soup version 0.24.0 (webtiles) character file.

Game seed: 8953898624732312210, levelgen mode: deterministic

360 MrPhthalo the Slasher (level 6, -1/56 HPs)
             Began as a Minotaur Berserker on May 21, 2020.
             Was a Believer of Trog.
             Slain by an orc warrior
             ... wielding a +0 mace
              (6 damage)
             ... on level 6 of the Dungeon.
             The game lasted 00:29:04 (1690 turns).

MrPhthalo the Slasher (Minotaur Berserker)          Turns: 1690, Time: 00:29:04

Health: -1/56      AC:  9    Str: 24    XL:     6   Next: 38%
Magic:  5/5        EV: 14    Int:  4    God:    Trog [**....]
Gold:   81         SH:  0    Dex:  9    Spells: 5/5 levels left

rFire    . . .     SeeInvis .   a - +0 falchion
rCold    . . .     Gourm    .   (no shield)
rNeg     . . .     Faith    .   c - +0 chain mail (curse)
rPois    .         Spirit   .   (helmet restricted)
rElec    .         Reflect  .   (no cloak)
rCorr    .         Harm     .   (no gloves)
MR       .....                  (no boots)
Stlth    ..........             (no amulet)
HPRegen  0.18/turn              o - +5 ring of evasion
MPRegen  0.09/turn              (no ring)

@: no status effects
A: retaliatory headbutt, horns 2
a: Berserk, Trog's Hand, Renounce Religion


You were on level 6 of the Dungeon.
You worshipped Trog.
Trog was pleased with you.
You were hungry.

You visited 1 branch of the dungeon, and saw 6 of its levels.

You collected 81 gold pieces.

Inventory:

Hand Weapons
 a - a +0 falchion (weapon)
 C - a +1 rapier of speed
Missiles
 g - 72 stones (quivered)
 l - 26 sling bullets
 m - 18 arrows
 D - 12 bolts
Armour
 b - a +0 animal skin
 c - a cursed +0 chain mail (worn)
 E - a +0 robe
 G - a +0 chain mail
Jewellery
 o - a +5 ring of evasion (left hand)
Scrolls
 i - 3 scrolls of identify {unknown}
 j - 2 scrolls of teleportation {unknown}
 v - 3 scrolls of remove curse {unknown}
Potions
 n - 3 potions of brilliance {unknown}
 w - 3 potions of curing {unknown}
 z - a potion of flight {unknown}
Comestibles
 u - 4 rations


   Skills:
 + Level 5.3 Fighting
 + Level 6.7 Long Blades
 + Level 3.4 Armour
 + Level 3.3 Dodging
 + Level 0.3 Stealth


You had 5 spell levels left.
You didn't know any spells.
Your spell library was empty.

Dungeon Overview and Level Annotations

Branches:
Dungeon (6/15)
 Temple: D:4-7

Altars:
Okawaru
Uskayaw

Shops:
D:4 (   D:6 }

Annotations:
D:1 1 exclusion


Innate Abilities, Weirdness & Mutations

You reflexively headbutt those who attack you in melee.
You have a pair of horns on your head.


Message History

* * * LOW HITPOINT WARNING * * *
The orc hits you but does no damage.
You hit the orc priest but do no damage.
The orc priest is heavily wounded.
The orc priest hits you with a +0 dagger.
* * * LOW HITPOINT WARNING * * *
You closely miss the orc priest. Your headbutt misses the orc priest.
The orc priest is heavily wounded.
The orc warrior closely misses you.
You riposte.
You hit the orc warrior but do no damage.
Your headbutt misses the orc warrior.
The orc warrior is lightly wounded.
The orc hits you from afar with a +0 trident.
* * * LOW HITPOINT WARNING * * *
The orc priest hits you but does no damage.
As you read the scroll labeled YZYUXE PYROGU, it crumbles to dust.
The creatures around you are filled with an inner flame!
It was a scroll of immolation.
The orc warrior hits you with a +0 mace.
You die...

#.......... #..........
#....[..... #........
....# ....... . ....#
#...o# ... ....#.
##†o..##...
#...#...#..@o......
##+###...#...#..........
.........#...##....##...
.........#...##....## .
......<..#..........#
.........#..........#
.........#..........#
.........#..........#
....#######........##


You could see an orc warrior (inner flame), an orc priest (inner flame) and an
orc (inner flame).

Vanquished Creatures
  Grinder (D:3)
  A hound (D:4)
  Natasha (twice) (D:3)
  5 adders
  A dart slug (D:1)
  2 leopard geckos (D:1)
  A bat skeleton (D:2)
  5 giant cockroaches
  6 goblins
  9 hobgoblins
  A quokka (D:3)
  A ball python (D:6)
  6 bats
  A frilled lizard (D:4)
  6 kobolds
  6 rats
54 creatures vanquished.

Notes
Turn   | Place    | Note
-------+----------+-------------------------------------------
     0 | D:1      | MrPhthalo the Minotaur Berserker began the quest for the
                  | Orb.
     0 | D:1      | Reached XP level 1. HP: 19/19 MP: 0/0
   248 | D:1      | Reached XP level 2. HP: 6/27 MP: 1/1
   424 | D:1      | Reached skill level 4 in Long Blades
   529 | D:1      | Reached XP level 3. HP: 16/33 MP: 2/2
   755 | D:1      | Reached ** piety under Trog
  1293 | D:3      | Noticed Natasha
  1299 | D:3      | Killed Natasha
  1299 | D:3      | Reached skill level 5 in Long Blades
  1299 | D:3      | Reached XP level 4. HP: 40/41 MP: 3/3
  1307 | D:3      | Noticed Grinder
  1316 | D:3      | Paralysed by Grinder for 4 turns
  1320 | D:3      | Killed Grinder
  1320 | D:3      | Reached skill level 5 in Fighting
  1320 | D:3      | Reached skill level 6 in Long Blades
  1320 | D:3      | Reached XP level 5. HP: 26/48 MP: 4/4
  1320 | D:3      | Reached XP level 6. HP: 30/56 MP: 5/5
  1339 | D:3      | Noticed Natasha
  1351 | D:3      | Killed Natasha
  1510 | D:4      | Found a hide-covered altar of Uskayaw.
  1527 | D:4      | Found Jipsier's Antique Weapon Emporium.
  1602 | D:5      | Entered Level 5 of the Dungeon
  1616 | D:6      | Found Gowem's Gadget Shoppe.
  1644 | D:6      | Found an iron altar of Okawaru.
  1678 | D:6      | Noticed an orc warrior
  1690 | D:6      | Slain by an orc warrior

Levels and vault maps discovered:
D:1:      dpeg_arrival_castle, layout_basic, minmay_box_of_dots
D:2:      minmay_evil_eye, layout_basic
D:3:      layout_loops_cross, uniq_natasha, uniq_grinder
D:4:      layout_basic, lemuel_crystal_altar, first_ration, serial_shops,
          kennysheep_mini_moat, uniq_menkaure
D:5:      layout_loops_ring, lemuel_flame_loot_1
D:6:      layout_gridville, kennysheep_little_box, overflow_temple_1_default,
          ebering_ghost_inner_flame, serial_shops, shop, eino_tiny_chamber
